 Dungeon Crawl Stone Soup version 0.20-b1 (webtiles) character file.

16918 inmateoo the Brawler (level 12, 0/96 HPs)
             Began as a Merfolk Gladiator on May 19, 2017.
             Was a High Priest of Cheibriados.
             Slain by an eight-headed hydra (6 damage)
             ... on level 12 of the Dungeon.
             The game lasted 00:23:34 (16001 turns).

inmateoo the Brawler (Merfolk Gladiator)           Turns: 16001, Time: 00:23:34

Health: 0/96       AC: 11    Str: 32    XL:     12   Next: 42%
Magic:  14/14      EV: 34    Int: 22    God:    Cheibriados [*****.]
Gold:   491        SH:  0    Dex: 41    Spells: 11/11 levels left

rFire    . . .     SeeInvis .     - Unarmed
rCold    . . .     Gourm    +   (no shield)
rNeg     . . .     Faith    .   P - +3 leather armour {MR+}
rPois    .         Spirit   .   l - +0 helmet {Int+3}
rElec    .         Reflect  .   (no cloak)
rCorr    .         Harm     .   G - +0 pair of gloves
MR       ++...                  D - +0 pair of boots
Stlth    ++++......             I - amulet of the gourmand
Regen    0.3/turn               y - +4 ring of dexterity
MPRegen  0.2/turn               J - +5 ring of dexterity

@: agile, studying Ice Magic, very slow
A: change form in water, swift swim, stealthy swim, slimy green scales 1,
deterioration 1, magic resistance 1, MP-powered wands
a: Bend Time, Temporal Distortion, Slouch, Step From Time, Renounce Religion


You were on level 12 of the Dungeon.
You worshipped Cheibriados.
Cheibriados was extremely pleased with you.
You were not hungry.

You visited 2 branches of the dungeon, and saw 13 of its levels.
You also visited: Sewer and Ice Cave.

You collected 957 gold pieces.
You spent 466 gold pieces at shops.

Inventory:

Missiles
 c - 6 throwing nets (quivered)
Armour
 l - a +0 helmet of intelligence (worn)
 D - a +0 pair of boots (worn)
 G - a +0 pair of gloves (worn)
 P - a +3 leather armour of magic resistance (worn)
Jewellery
 p - an uncursed ring of protection from fire
 x - an uncursed ring of ice
 y - a +4 ring of dexterity (left hand)
 I - an amulet of the gourmand (around neck)
 J - a +5 ring of dexterity (right hand)
Wands
 k - a wand of polymorph (11/24)
 n - a wand of clouds (0/9)
 u - a wand of digging (3/24)
 A - a wand of disintegration (16/24)
 F - a wand of confusion (29/48)
 K - a wand of iceblast (10/15)
 L - a wand of iceblast (8/15)
 O - a wand of iceblast (7/15)
Scrolls
 e - 3 scrolls of fear
 h - 3 scrolls of magic mapping
 m - 2 scrolls of teleportation
 o - 4 scrolls of fog
 s - 4 scrolls of remove curse
 z - a scroll of enchant armour
 H - a scroll of recharging
Potions
 a - 4 potions of curing
 i - 2 potions of brilliance
 q - a potion of resistance
 r - 3 potions of haste
 w - a potion of magic
 B - 3 potions of flight
 C - a potion of agility
 E - 3 potions of heal wounds
Books
 j - a book of Debilitation

   Spells                             Type                      Level
   a - Corona                         Hexes                        1
   b - Slow                           Hexes                        2
   c - Inner Flame                    Hexes/Fire                   3
   d - Portal Projectile              Hexes/Translocation          3
   e - Cause Fear                     Hexes                        4
   f - Leda's Liquefaction            Hexes/Earth                  4
 t - a book of Flames

   Spells                             Type                      Level
   a - Flame Tongue                   Conjuration/Fire             1
   b - Throw Flame                    Conjuration/Fire             2
   c - Conjure Flame                  Conjuration/Fire             3
   d - Inner Flame                    Hexes/Fire                   3
   e - Sticky Flame                   Conjuration/Fire             4
   f - Fireball                       Conjuration/Fire             5
 v - a book of Misfortune

   Spells                             Type                      Level
   a - Confusing Touch                Hexes                        1
   b - Confuse                        Hexes                        3
   c - Gell's Gravitas                Translocation                3
   d - Petrify                        Transmutation/Earth          4
   e - Metabolic Englaciation         Hexes/Ice                    5
   f - Yara's Violent Unravelling     Hexes/Transmutation          5
 M - a manual of Ice Magic
 N - a manual of Ice Magic
Comestibles
 b - 9 meat rations
 d - 8 bread rations
 f - 3 fruits
 g - 3 royal jellies


   Skills:
 + Level 9.4 Fighting
 - Level 2.0 Throwing
 + Level 12.2 Dodging
 * Level 16.1 Unarmed Combat
 + Level 3.8 Invocations


You had 11 spell levels left.
You didn't know any spells.

Dungeon Overview and Level Annotations

Branches:
Dungeon (12/15)            Temple (1/1) D:5            Lair (0/6) D:8
    Orc (0/2) D:10

Altars:
Cheibriados
Dithmenos
Elyvilon
Fedhas
Gozag
Hepliaklqana
Kikubaaqudgha
Makhleb
Nemelex Xobeh
Okawaru
Qazlal
Sif Muna
Trog
Uskayaw
Vehumet
Xom
Yredelemnul
Zin
The Shining One

Shops:
D:4 ?   D:11 *


Innate Abilities, Weirdness & Mutations

You revert to your normal form in water.
You are very nimble and swift while swimming.
You are very stealthy in the water. (Stealth+)
You are partially covered in slimy green scales. (AC +2)
Your body sometimes deteriorates upon taking damage.
You are resistant to hostile enchantments. (MR+)
You expend magic power (3 MP) to strengthen your wands.


Message History

The eight-headed hydra is moderately wounded.
The eight-headed hydra completely misses you. x3
The eight-headed hydra closely misses you.
The eight-headed hydra bites you.
* * * LOW HITPOINT WARNING * * *
The eight-headed hydra barely misses you.
The eight-headed hydra completely misses you.
The eight-headed hydra bites you!
* * * LOW HITPOINT WARNING * * *
As you read the scroll of fear, it crumbles to dust.
You assume a fearsome visage.
The eight-headed hydra resists with almost no effort.
The yak looks frightened! x3; The eight-headed hydra bites you.
* * * LOW HITPOINT WARNING * * *
The eight-headed hydra misses you. x2
The eight-headed hydra completely misses you.
The eight-headed hydra bites you.
* * * LOW HITPOINT WARNING * * *
The eight-headed hydra bites you.
You die...

#..................
#......##.###.###.##
##.....##.# #.# .#
#.....##.. ... .#
#....(##### #
####.## ####.
#.####...
#...##.######
####.#Y.D@...#
#.......####.#
#.##.#Y.# # #.#..#
#...Y# ###... ##.##
..# ..


You could see an eight-headed hydra and 2 yaks.

Vanquished Creatures
  Josephine (D:11)
  2 unseen horrors (D:11)
  A necromancer (IceCv)
  A cyclops (D:11)
  A manticore (D:12)
  An ice statue (IceCv)
  10 freezing wraiths (IceCv)
  A hornet (shapeshifter) (D:11)
  A vampire (D:11)
  6 wraiths
  18 yaks
  A fire bat (D:9)
  A hungry ghost (D:11)
  A death yak simulacrum (IceCv)
  A warg (D:6)
  A soldier ant (D:8)
  Edmund (D:6)
  An acid dragon (D:11)
  2 water moccasins
  A porcupine (D:8)
  11 ice beasts
  3 sky beasts
  A black bear (D:11)
  3 orc warriors
  7 ogres
  3 phantoms
  3 centaurs
  A crocodile (D:9)
  A big kobold (D:10)
  4 bullfrogs
  A gnoll sergeant (D:8)
  A wyvern zombie (D:8)
  A water moccasin zombie (D:8)
  A wyvern skeleton (D:7)
  2 scorpions
  An elephant simulacrum (IceCv)
  4 killer bees
  4 wights (D:9)
  3 jellies
  2 howler monkeys (D:7)
  4 crimson imps
  A centaur zombie (D:3)
  2 bullfrog zombies
  11 hounds
  3 draconian simulacra (IceCv)
  A quasit (D:10)
  6 orc priests
  An iron imp (D:6)
  5 orc wizards
  5 troll simulacra (IceCv)
  12 worker ants
  2 polar bear simulacra (IceCv)
  2 spriggan simulacra (IceCv)
  3 centaur simulacra (IceCv)
  A hound skeleton (D:6)
  Robin (D:1)
  A worker ant zombie (D:11)
  7 gnolls
  A howler monkey skeleton (D:7)
  4 naga simulacra (IceCv)
  11 adders
  3 ogre simulacra (IceCv)
  A shadow imp (D:6)
  24 white imps
  5 oozes
  An adder zombie (D:7)
  5 worms (Sewer)
  A dart slug (D:2)
  4 leopard geckos
  32 orcs
  3 ball pythons
  5 giant cockroaches
  14 goblins
  4 hobgoblins
  14 jackals
  7 quokkas
  14 bats
  5 frilled lizards
  2 giant cockroach zombies
  8 kobolds
  4 rats
350 creatures vanquished.

Vanquished Creatures (others)
  2 fungi (D:8)
2 creatures vanquished.

Grand Total: 352 creatures vanquished

Notes
Turn   | Place    | Note
-------+----------+-------------------------------------------
     0 | D:1      | inmateoo the Merfolk Gladiator began the quest for the Orb.
     0 | D:1      | Reached XP level 1. HP: 16/16 MP: 1/1
    53 | D:1      | Reached XP level 2. HP: 14/22 MP: 2/2
   463 | D:1      | Reached skill level 4 in Unarmed Combat
   463 | D:1      | Reached XP level 3. HP: 16/27 MP: 3/3
   988 | D:2      | Noticed Robin
  1172 | D:1      | Killed Robin
  1172 | D:1      | Reached XP level 4. HP: 29/33 MP: 4/4
  1388 | D:2      | Reached skill level 5 in Dodging
  1918 | D:2      | Reached skill level 5 in Unarmed Combat
  2172 | D:3      | Reached XP level 5. HP: 23/38 MP: 5/5
  3051 | D:3      | Reached XP level 6. HP: 44/44 MP: 6/6
  3276 | D:4      | Found Ronn's Magic Scroll Emporium.
  3304 | D:4      | Reached skill level 6 in Unarmed Combat
  3411 | D:4      | Found an ancient bone altar of Kikubaaqudgha.
  3442 | D:4      | Bought a scroll of identify for 24 gold pieces
  3442 | D:4      | Bought a scroll of identify for 24 gold pieces
  3442 | D:4      | Bought a scroll of identify for 24 gold pieces
  3446 | D:4      | Bought a scroll of fear for 42 gold pieces
  3446 | D:4      | Bought a scroll of magic mapping for 42 gold pieces
  3446 | D:4      | Bought a scroll of teleportation for 36 gold pieces
  3446 | D:4      | Bought a scroll of remove curse for 36 gold pieces
  4256 | D:5      | Entered Level 5 of the Dungeon
  4257 | D:5      | Found a staircase to the Ecumenical Temple.
  4257 | D:5      | Noticed Blork the orc
  4267 | Temple   | Entered the Ecumenical Temple
  4383 | D:5      | Noticed an ice beast
  4400 | D:5      | Killed an ice beast
  4400 | D:5      | Reached skill level 7 in Unarmed Combat
  4400 | D:5      | Reached XP level 7. HP: 38/50 MP: 7/7
  4450 | D:5      | Noticed Blork
  4450 | D:5      | Blork the orc changed into Blork the killer bee
  4457 | D:5      | Killed Blork the killer bee
  4730 | D:5      | Found a glowing drain.
  4760 | Sewer    | Entered a sewer
  5562 | D:5      | Reached skill level 8 in Unarmed Combat
  5587 | D:6      | Reached XP level 8. HP: 35/56 MP: 8/8
  5957 | D:6      | Found a burning altar of Makhleb.
  6043 | D:6      | Reached skill level 9 in Unarmed Combat
  6629 | D:6      | Found a snail-covered altar of Cheibriados.
  6918 | D:6      | Became a worshipper of Cheibriados the Contemplative
  6959 | D:6      | Noticed Edmund
  7003 | D:6      | Killed Edmund
  7262 | D:6      | Reached skill level 10 in Unarmed Combat
  7290 | D:6      | Noticed a brown ugly thing
  7293 | D:6      | You fall through a shaft for 3 floors!
  7434 | D:9      | Reached XP level 9. HP: 21/63 MP: 9/9
  7447 | D:9      | Gained mutation: You have a pair of small horns on your head. [mutagenic meat]
  7448 | D:9      | Gained mutation: You are partially covered in slimy green scales. (AC +2) [mutagenic meat]
  7842 | D:9      | Reached * piety under Cheibriados
  7861 | D:9      | Found a deep blue altar of Sif Muna.
  7861 | D:9      | Found an opulent altar of Gozag.
  7863 | D:9      | Found a white marble altar of Elyvilon.
  7865 | D:9      | Found a hide-covered altar of Uskayaw.
  7931 | D:9      | Reached skill level 11 in Unarmed Combat
  8713 | D:8      | Reached skill level 5 in Fighting
  8835 | D:8      | Reached skill level 12 in Unarmed Combat
  9142 | D:8      | Reached XP level 10. HP: 76/76 MP: 10/10
  9176 | D:8      | Reached ** piety under Cheibriados
  9600 | D:8      | Found a staircase to the Lair.
  9612 | D:8      | Reached skill level 13 in Unarmed Combat
 10055 | D:7      | Found a blossoming altar of Fedhas.
 10229 | D:7      | Gained mutation: Your body sometimes deteriorates upon taking damage. [mutagenic meat]
 10230 | D:7      | Gained mutation: You are weak. (Str -2) [mutagenic meat]
 10231 | D:7      | Lost mutation: You are weak. (Str -2) [mutagenic meat]
 11582 | D:8      | Reached *** piety under Cheibriados
 11762 | D:10     | Entered Level 10 of the Dungeon
 11762 | D:10     | Found a staircase to the Orcish Mines.
 11992 | D:10     | Reached skill level 10 in Dodging
 11992 | D:10     | Reached skill level 14 in Unarmed Combat
 12005 | D:10     | Reached XP level 11. HP: 42/84 MP: 11/11
 12556 | D:11     | Noticed a cyclops
 12564 | D:11     | Killed a cyclops
 12564 | D:11     | Reached **** piety under Cheibriados
 12617 | D:11     | Killed an unseen horror
 12638 | D:11     | Found a frozen archway.
 12649 | IceCv    | Entered an ice cave
 13597 | IceCv    | Reached ***** piety under Cheibriados
 13604 | IceCv    | Reached skill level 15 in Unarmed Combat
 13878 | IceCv    | Found an ancient bone altar of Kikubaaqudgha.
 14256 | IceCv    | Noticed a necromancer
 14267 | IceCv    | Killed a necromancer
 14536 | IceCv    | Reached skill level 1 in Invocations
 14794 | D:11     | Killed an unseen horror
 14794 | D:11     | Reached XP level 12. HP: 52/95 MP: 11/13
 15051 | D:11     | Lost mutation: Your body sometimes deteriorates upon taking damage. [potion of mutation]
 15051 | D:11     | Lost mutation: You have a pair of small horns on your head. [potion of mutation]
 15051 | D:11     | Gained mutation: Your body sometimes deteriorates upon taking damage. [potion of mutation]
 15051 | D:11     | Gained mutation: You are resistant to hostile enchantments. (MR+) [potion of mutation]
 15129 | D:11     | Found Potrac's Assorted Antiques.
 15138 | D:11     | Bought a scroll labeled QARAUN OSENGOGH for 34 gold pieces
 15138 | D:11     | Bought a scroll labeled QARAUN OSENGOGH for 34 gold pieces
 15138 | D:11     | Bought a runed leather armour for 170 gold pieces
 15544 | D:11     | Gained mutation: You expend magic power (3 MP) to strengthen your wands. [mutagenic meat]
 15753 | D:11     | Noticed Josephine
 15761 | D:11     | Killed Josephine
 15862 | D:12     | Reached skill level 16 in Unarmed Combat
 15987 | D:12     | Noticed an eight-headed hydra
 16001 | D:12     | Slain by an eight-headed hydra

Skill      XL: |  1  2  3  4  5  6  7  8  9 10 11 12 |
---------------+-------------------------------------+-----
Unarmed Combat | 4 5 7 8 10 12 14 15 16 | 16.1
Dodging        | 5 6 7 9 10 11 12 | 12.2
Fighting       | 3 5 7 9 |  9.4
Invocations    | 1 3 |  3.8
Throwing       | |  2.0

Action                   |  1- 3 |  4- 6 |  7- 9 | 10-12 || total
-------------------------+-------+-------+-------+-------++-------
Melee: Unarmed           |    91 |   239 |   388 |   462 ||  1180
       Punch             |     4 |     6 |    19 |    46 ||    75
       Tailslap          |       |       |     8 |       ||     8
       Headbutt          |       |       |    33 |   134 ||   167
Throw: Throwing net      |       |       |       |     2 ||     2
Invok: Slouch            |       |       |       |     3 ||     3
Evoke: Wand              |       |       |     5 |     4 ||     9
  Use: Potion            |       |     3 |     4 |     4 ||    11
       Scroll            |       |    11 |     9 |    11 ||    31
 Stab: Sleeping          |     2 |     2 |     2 |     4 ||    10
       Invisible         |       |       |     6 |       ||     6
       Confused          |       |       |     2 |       ||     2
       Distracted        |       |       |     1 |     1 ||     2
       Held in net/web   |       |       |       |     3 ||     3
  Eat: Chunk             |     1 |     8 |    13 |    14 ||    36
       Fruit             |       |     2 |     2 |     3 ||     7
Armor: Leather armour    |    25 |    53 |    35 |    50 ||   163
Dodge: Dodged            |    73 |   141 |   236 |   385 ||   835
